 Dungeon Crawl Stone Soup version 0.26-a0-849-gf1512cd430 (console) character file.

Game seed: 16513561843813787947

21400 Ignak the Fighter (level 12, -4/133 HPs)
             Began as an Ogre Transmuter on Nov 20, 2020.
             Was the Champion of Okawaru.
             Slain by a two-headed ogre
             ... wielding a +0 giant spiked club
              (11 damage)
             ... on level 2 of the Orcish Mines.
             The game lasted 00:51:08 (17192 turns).

Ignak the Fighter (Ogre Transmuter)                Turns: 17192, Time: 00:51:08

Health: -4/133     AC: 10    Str: 21    XL:     12   Next: 89%
Magic:  19/21      EV: 17    Int: 14    God:    Okawaru [******]
Gold:   973        SH: 14    Dex: 13    Spells: 17/23 levels left

rFire    . . .     SeeInvis .   k - +4 flail (vorpal)
rCold    . . .     Faith    .   g - +1 kite shield
rNeg     + . .     Spirit   .   A - +0 acid dragon scales
rPois    .         Reflect  .   (helmet currently unavailable)
rElec    .         Harm     .   (no cloak)
rCorr    +         Rampage  .   (gloves unavailable)
MR       +....                  (boots unavailable)
Stlth    ++........             (no amulet)
HPRegen  0.72/turn              i - ring of positive energy
MPRegen  0.17/turn              c - +6 ring of dexterity

@: appendages, heroism
A: large, unfitting armour, horns 2, talons 2, icy blue scales 1, clumsy 1,
regeneration 1, tough skin 1
a: End Transformation, Heroism, Finesse, Renounce Religion


You were on level 2 of the Orcish Mines.
You worshipped Okawaru.
Okawaru was exalted by your worship.
You had grown temporary horns.
You had grown temporary talons.
You visited 3 branches of the dungeon, and saw 13 of its levels.
You also visited: Sewer.

You collected 973 gold pieces.

Inventory:

Hand Weapons
 k - a +4 vorpal flail (weapon)
 o - a +0 giant spiked club
 t - a +1 halberd of freezing
 w - the +5 great mace of Ceri Qiph {freeze, +Blink rC+ rN+}
   (Okawaru gifted it to you on level 2 of the Orcish Mines)

   It has been specially enchanted to freeze those struck by it, causing extra
   injury to most foes and up to half again as much damage against particularly
   susceptible opponents.
   It can also slow down cold-blooded creatures.
   It protects you from cold.
   It protects you from negative energy.
   It lets you blink.
 E - a +0 flail of holy wrath
Missiles
 j - 11 poisoned darts (quivered)
Armour
 g - a +1 kite shield (worn)
 u - a +0 hat
 A - +0 acid dragon scales (worn)
 F - +0 steam dragon scales
Jewellery
 c - a +6 ring of dexterity (right hand)
 i - a ring of positive energy (left hand)
Wands
 a - a wand of random effects (30)
 e - a wand of disintegration (21)
 y - a wand of polymorph (7)
 C - a wand of flame (23)
Scrolls
 d - 3 scrolls of enchant armour
 f - 6 scrolls of identify
 h - a scroll of fear
 m - 2 scrolls of teleportation
 p - 3 scrolls of remove curse
 B - 2 scrolls of fog
 D - a scroll of amnesia
Potions
 b - a potion of curing
 l - 2 potions of ambrosia
 n - 3 potions of flight
 q - 2 potions of cancellation
 z - a potion of brilliance
 G - a potion of lignification
 H - 3 potions of resistance


   Skills:
 + Level 12.7(17.7) Fighting
 + Level 8.7(13.7) Maces & Flails
 + Level 9.9(14.9) Dodging
 - Level 9.0(14.0) Shields
 - Level 3.0(8.0) Unarmed Combat
 - Level 6.1 Spellcasting
 - Level 5.0 Transmutations


You had 17 spell levels left.
You knew the following spells:

 Your Spells              Type           Power        Failure   Level
a - Beastly Appendage     Tmut           ###...       2%          1
b - Wereblood             Tmut           ###.....     3%          2
c - Spider Form           Tmut/Pois      ##........   22%         3

Your spell library contained the following spells:

 Spells                   Type           Power        Failure   Level
 Corona                   Hex            #......      21%         1
 Ensorcelled Hibernation  Hex/Ice        #.....       30%         2
 Confusing Touch          Hex            #.......     52%         3
 Dazzling Flash           Conj/Hex       #.....       52%         3
 Tukima's Dance           Hex            #.......     52%         3
 Ice Form                 Ice/Tmut       ##......     56%         4
 Blade Hands              Tmut           ###.......   56%         5


Dungeon Overview and Level Annotations

Branches:
Dungeon (10/15)            Temple (1/1) D:4            Lair (0/6) D:9
    Orc (2/2) D:9           Sewer (visited)
    Elf: Orc:2

Altars:
Ashenzari
Cheibriados
Dithmenos
Elyvilon
Fedhas
Gozag
Hepliaklqana
Kikubaaqudgha
Makhleb
Nemelex Xobeh
Okawaru
Qazlal
Ru
Sif Muna
Trog
Vehumet
Wu Jian
Xom
Yredelemnul
Zin
The Shining One
Beogh

Annotations:
D:5 1 transporter, Perttuleena's ghost, weakling FoDe


Innate Abilities, Weirdness & Mutations

You are too large for most types of armour.
You have tough skin. (AC +1)
You have a pair of horns on your head.
You have razor-sharp toenails.
You are partially covered in icy blue scales. (AC +2)
You are clumsy. (Dex -2)
Your natural rate of healing is unusually fast.


Message History

You block the ogre mage's attack.
You barely miss the two-headed ogre.
The two-headed ogre is almost dead.
The two-headed ogre hits you with a +0 giant spiked club!!
* * * LOW HITPOINT WARNING * * *
The two-headed ogre hits you with a +0 giant spiked club!
* * * LOW HITPOINT WARNING * * *
Okay, then.
You hit the two-headed ogre.
Your headbutt misses the two-headed ogre.
The two-headed ogre is almost dead.
You block the ogre mage's attack.
Evoke which item? (* to show all) (? for menu, Esc to quit)
Okay, then.
The ogre mage shouts!
You hit the two-headed ogre.
The two-headed ogre is almost dead.
You block the two-headed ogre's attack.
The two-headed ogre hits you with a +0 giant spiked club!
You die...

....))...).[##................#.
#...#......)...................
#.).###..#...................$.
##..######.............#.#.##.
.#...# #...)...###....##.##
..#.## ##.#....##......... ..###
#.##..##...#..O.. ..#
...#....O........ .##
##.##...@))....... .##
###....########.. ..# ##.O## .##
#..# ..## #..# ...# #........
...# #........ #.## #..#...O.
### #..##....


You could see a two-headed ogre and 2 ogre magi.

Vanquished Creatures
  2 ogre magi
  12 two-headed ogres
  A boulder beetle (D:9)
  An orc high priest (D:9)
  An orc knight (D:9)
  An orc sorcerer (Orc:2)
  2 cyclopes
  Maggie (D:7)
  A troll (Orc:1)
  A wyvern (D:8)
  2 wargs
  2 steam dragons
  Edmund (D:5)
  2 water moccasins (D:9)
  An acid dragon (D:8)
  14 orc warriors
  2 sky beasts
  An ice beast (D:5)
  7 black bears
  27 ogres
  4 centaurs
  A big kobold (Sewer)
  9 bullfrogs
  A wyvern zombie (D:9)
  A gnoll sergeant (D:7)
  A wyvern skeleton (D:9)
  2 scorpions (D:9)
  5 wights (D:6)
  2 howler monkeys
  A vampire bat (D:7)
  An electric eel (D:9)
  A centaur zombie (D:7)
  A bullfrog zombie (D:7)
  8 hounds
  3 jellies
  A bullfrog skeleton (D:4)
  17 orc priests
  16 orc wizards
  An iguana (D:9)
  Jessica (D:3)
  2 worker ants
  A hound zombie (D:6)
  3 hound skeletons
  A worker ant zombie (D:5)
  5 gnolls (D:7)
  A howler monkey skeleton (D:4)
  6 adders
  A river rat (Sewer)
  A shadow imp (D:6)
  3 white imps
  An ufetubus (D:8)
  An adder skeleton (D:9)
  2 adder zombies
  4 worms
  A dart slug (D:1)
  10 leopard geckos
  65 orcs
  2 ball pythons (D:1)
  3 bat skeletons (D:7)
  2 bat zombies (D:7)
  7 giant cockroaches
  8 goblins
  10 hobgoblins
  16 jackals
  7 kobolds
  4 quokkas
  9 bats
  3 frilled lizards
  A goblin skeleton (D:6)
  A goblin zombie (D:6)
  4 hobgoblin zombies (D:6)
  A kobold skeleton (D:6)
  A kobold zombie (D:6)
  2 leopard gecko skeletons
  An orc skeleton (D:6)
  An orc zombie (D:6)
  11 rats
361 creatures vanquished.

Vanquished Creatures (others)
  An orc wizard (Orc:1)
  An orc (Orc:1)
  35 fungi
  33 plants (D:9)
70 creatures vanquished.

Grand Total: 431 creatures vanquished

Notes
Turn   | Place    | Note
-------+----------+-------------------------------------------
     0 | D:1      | Ignak the Ogre Transmuter began the quest for the Orb.
     0 | D:1      | Reached XP level 1. HP: 19/19 MP: 3/3
   129 | D:1      | Reached XP level 2. HP: 2/28 MP: 2/5
   808 | D:1      | Reached skill level 2 in Fighting
   808 | D:1      | Reached XP level 3. HP: 33/35 MP: 5/7
  1575 | D:1      | Reached skill level 1 in Shields
  1723 | D:1      | Learned a level 2 spell: Wereblood
  1727 | D:1      | Learned a level 3 spell: Spider Form
  2090 | D:2      | Reached XP level 4. HP: 33/42 MP: 5/8
  2229 | D:2      | Found a broken altar of Ashenzari.
  2292 | D:2      | Found a radiant altar of Vehumet.
  2601 | D:2      | Found a basalt altar of Yredelemnul.
  2693 | D:3      | Found a glowing drain.
  2732 | Sewer    | Entered a sewer
  3029 | Sewer    | Gained mutation: You are frail. (-10% HP) [potion of
                  | mutation]
  3029 | Sewer    | Gained mutation: Your system is resistant to poisons.
                  | (rPois) [potion of mutation]
  3123 | Sewer    | Noticed a big kobold
  3139 | Sewer    | Killed a big kobold
  3140 | Sewer    | Reached XP level 5. HP: 26/46 MP: 6/9
  3395 | Sewer    | Found a white marble altar of Elyvilon.
  3480 | D:3      | Reached skill level 3 in Fighting
  4362 | D:3      | Noticed Jessica
  4380 | D:3      | Killed Jessica
  4381 | D:3      | Reached XP level 6. HP: 43/54 MP: 10/10
  4807 | D:4      | Noticed a black bear
  4820 | D:4      | Killed a black bear
  5246 | D:4      | Reached XP level 7. HP: 38/61 MP: 12/12
  5502 | D:4      | Found a sacrificial altar of Ru.
  5535 | D:4      | Found a staircase to the Ecumenical Temple.
  5542 | Temple   | Entered the Ecumenical Temple
  5807 | D:4      | You fall into a shaft and drop 2 floors!
  5807 | D:6      | Found an iron altar of Okawaru.
  5828 | D:6      | Became a worshipper of Warmaster Okawaru
  5869 | D:6      | Reached skill level 4 in Fighting
  6133 | D:5      | Entered Level 5 of the Dungeon
  6997 | D:5      | Reached XP level 8. HP: 33/71 MP: 12/14
  7001 | D:5      | HP: 1/71 [orc priest/divine providence (15)]
  7007 | D:5      | HP: 3/71 [orc priest/+0 hand axe (4)]
  7318 | D:5      | Found a transporter.
  7324 | D:5      | Noticed Perttuleena's ghost (weakling FoDe)
  7462 | D:5      | Found a transporter.
  7626 | D:5      | Noticed Edmund
  7644 | D:5      | Killed Edmund
  7644 | D:5      | Reached * piety under Okawaru
  7893 | D:5      | HP: 3/71 [sky beast (6)]
  8347 | D:5      | Reached skill level 5 in Fighting
  8943 | D:6      | Reached skill level 1 in Maces & Flails
  8943 | D:6      | Reached skill level 5 in Dodging
  8970 | D:6      | Found a glowing golden altar of the Shining One.
  9340 | D:6      | Reached skill level 5 in Spellcasting
  9343 | D:6      | Reached skill level 5 in Shields
  9516 | D:6      | Reached XP level 9. HP: 79/79 MP: 12/16
 10514 | D:7      | Reached skill level 6 in Fighting
 10530 | D:6      | Reached ** piety under Okawaru
 10534 | D:6      | Lost mutation: You are frail. (-10% HP) [potion of
                  | mutation]
 10534 | D:6      | Lost mutation: Your system is resistant to poisons. (rPois)
                  | [potion of mutation]
 10534 | D:6      | Gained mutation: You are clumsy. (Dex -2) [potion of
                  | mutation]
 10534 | D:6      | Gained mutation: You are partially covered in icy blue
                  | scales. (AC +2) [potion of mutation]
 10534 | D:6      | Gained mutation: Your natural rate of healing is unusually
                  | fast. [potion of mutation]
 10656 | D:7      | Found a stormy altar of Qazlal.
 11038 | D:7      | Noticed Maggie
 11049 | D:7      | Killed Maggie
 11049 | D:7      | Reached *** piety under Okawaru
 11322 | D:7      | Found an ancient bone altar of Kikubaaqudgha.
 11588 | D:7      | Found a shimmering altar of Xom.
 11595 | D:7      | Reached skill level 5 in Transmutations
 11599 | D:7      | Received a gift from Okawaru
 11600 | D:7      | Reached skill level 7 in Fighting
 11600 | D:7      | Reached XP level 10. HP: 94/102 MP: 19/19
 12355 | D:8      | Reached **** piety under Okawaru
 12733 | D:9      | Reached skill level 8 in Fighting
 13183 | D:9      | Noticed a cyclops
 13194 | D:9      | Killed a cyclops
 13386 | D:9      | Found a staircase to the Lair.
 13545 | D:9      | Found a staircase to the Orcish Mines.
 13579 | D:9      | Noticed a boulder beetle
 13600 | D:9      | Killed a boulder beetle
 13600 | D:9      | Reached ***** piety under Okawaru
 13601 | D:9      | Reached XP level 11. HP: 79/113 MP: 17/20
 13872 | D:10     | Entered Level 10 of the Dungeon
 13897 | Orc:1    | Entered Level 1 of the Orcish Mines
 13918 | D:9      | Reached skill level 5 in Maces & Flails
 13935 | D:9      | Reached skill level 9 in Fighting
 14007 | Orc:1    | Noticed a cyclops
 14039 | Orc:1    | Killed a cyclops
 14185 | Orc:1    | Noticed an orc high priest
 14238 | D:9      | Killed an orc high priest
 14371 | Orc:1    | Noticed an orc knight
 14455 | D:9      | Killed an orc knight
 14842 | Orc:2    | Entered Level 2 of the Orcish Mines
 14842 | Orc:2    | Found a roughly hewn altar of Beogh.
 15172 | Orc:2    | Noticed an orc sorcerer
 15186 | Orc:2    | Killed an orc sorcerer
 15186 | Orc:2    | Received a gift from Okawaru
 15187 | Orc:2    | Reached skill level 10 in Fighting
 15187 | Orc:2    | Got a translucent great mace {god gift}
 15189 | Orc:2    | Identified the +5 great mace of Ceri Qiph {freeze, +Blink
                  | rC+ rN+} (Okawaru gifted it to you on level 2 of the Orcish
                  | Mines)
 15247 | Orc:2    | Noticed an ogre mage
 15248 | Orc:2    | Noticed a two-headed ogre
 15249 | Orc:2    | Noticed a two-headed ogre
 15505 | Orc:2    | Noticed a two-headed ogre
 15569 | Orc:1    | Killed a two-headed ogre
 15704 | Orc:2    | Noticed an ogre mage
 15846 | Orc:1    | Killed a two-headed ogre
 15871 | Orc:1    | Killed a two-headed ogre
 15872 | Orc:1    | Reached XP level 12. HP: 116/128 MP: 21/21
 15888 | Orc:2    | Noticed a two-headed ogre
 15889 | Orc:2    | Noticed a two-headed ogre
 15895 | Orc:1    | Killed an ogre mage
 15895 | Orc:1    | Received a gift from Okawaru
 15896 | Orc:1    | Reached skill level 11 in Fighting
 15958 | Orc:2    | Noticed a two-headed ogre
 16056 | Orc:1    | Killed a two-headed ogre
 16056 | Orc:1    | Reached ****** piety under Okawaru
 16182 | Orc:2    | Noticed a two-headed ogre
 16182 | Orc:2    | Noticed a two-headed ogre
 16196 | Orc:1    | Killed a two-headed ogre
 16425 | Orc:1    | Killed a two-headed ogre
 16430 | Orc:1    | Killed a two-headed ogre
 16433 | Orc:1    | Killed a two-headed ogre
 16547 | Orc:2    | Paralysed by an ogre mage for 3 turns
 16548 | Orc:2    | Noticed an ogre mage
 16717 | Orc:2    | Noticed a two-headed ogre
 16720 | Orc:2    | Reached skill level 12 in Fighting
 16735 | Orc:2    | Killed a two-headed ogre
 16760 | Orc:2    | Noticed a two-headed ogre
 16775 | Orc:2    | Killed a two-headed ogre
 16787 | Orc:2    | Noticed a two-headed ogre
 17020 | Orc:2    | Killed a two-headed ogre
 17027 | Orc:2    | Noticed a two-headed ogre
 17035 | Orc:2    | Killed a two-headed ogre
 17155 | Orc:2    | Killed an ogre mage
 17178 | Orc:2    | Noticed an ogre mage
 17181 | Orc:2    | Noticed a two-headed ogre
 17190 | Orc:2    | HP: 6/133 [two-headed ogre/+0 giant spiked club (11)]
 17192 | Orc:2    | Slain by a two-headed ogre

Illustrated notes

Levels and vault maps discovered:
D:1:      ebering_trefoil_twist, layout_loops_cross, minmay_tetromino_l2
D:2:      layout_rooms, marbit_many_paths, nicolae_overflow_crystal_walls,
          vehumet_crystals
D:3:      layout_loops_corners, nicolae_overflow_hidden_temple,
          portal_sewer_entry_f, kennysheep_jessica_study, uniq_jessica
D:4:      layout_loops_ring, minmay_temple_entry_arrows,
          nicolae_ru_sacrificial_ziggurat
D:5:      layout_gridville, gammafunk_ghost_stat_death, uniq_edmund
D:6:      kennysheep_steamy, layout_basic, okawaru_trees_1,
          nicolae_tso_besieged_by_evil
D:7:      layout_loops_ring, lemuel_round_altar, overflow_temple_1_default,
          kennysheep_vampire_church, uniq_maggie
D:8:      layout_rooms
D:9:      layout_basic, due_lair_maze_entry_diamond, lightli_minifort
D:10:     layout_stronghold
Temple:   minmay_temple_curvy_branch
Orc:1:    layout_caves
Orc:2:    st_orc_ogre_mass, layout_caves, basic_altar, special_room

Skill      XL: |  1  2  3  4  5  6  7  8  9 10 11 12 |
---------------+-------------------------------------+-----
Dodging        | 2 3 4 5 7 8 9 |  9.9
Transmutations | 2 3 4 5 |  5.0
Fighting       | 2 3 4 5 7 8 10 12 | 12.7
Shields        | 1 2 3 5 6 8 9 |  9.0
Unarmed Combat | 3 |  3.0
Spellcasting   | 3 4 5 6 |  6.1
Maces & Flails | 1 3 4 6 8 |  8.7

Action                   |  1- 3 |  4- 6 |  7- 9 | 10-12 || total
-------------------------+-------+-------+-------+-------++-------
Melee: Unarmed           |    54 |     4 |     3 |    10 ||    71
       Kick              |    15 |    31 |    76 |   152 ||   274
       Headbutt          |    12 |    25 |    48 |   109 ||   194
       Club              |    77 |       |       |       ||    77
       Punch             |     1 |     4 |     2 |       ||     7
       Spear             |    19 |   221 |   137 |       ||   377
       Flail             |       |       |   228 |   530 ||   758
Throw: Dart              |       |     4 |     1 |     3 ||     8
 Cast: Beastly Appendage |    26 |    25 |    44 |    71 ||   166
       Wereblood         |       |     4 |     5 |    24 ||    33
       Spider Form       |       |     1 |     1 |     2 ||     4
Invok: Heroism           |       |       |     5 |     9 ||    14
 Abil: End Transformatio |       |       |       |     1 ||     1
Evoke: Wand              |       |       |     1 |       ||     1
  Use: Potion            |       |     7 |     9 |     4 ||    20
       Scroll            |       |     3 |    12 |    13 ||    28
 Stab: Sleeping          |       |     1 |       |       ||     1
Armor: Robe              |    54 |    60 |    64 |       ||   178
       Skin              |       |       |     7 |       ||     7
       Acid dragon scale |       |       |    37 |   109 ||   146
Dodge: Dodged            |    94 |   117 |   229 |   346 ||   786
Block: Kite shield       |       |       |   195 |   375 ||   570

Table legend: (Time is in decaauts)
 A = Elapsed time spent in this place.
 B = Non-inter-level travel time spent in this place.
 C = Inter-level travel time spent in this place.
 D = Time resting spent in this place.
 E = Time spent auto-exploring this place.
 F = Levels seen in this place.
 G = Mean time per level.
                   A        B        C        D        E       F      G
               +--------+--------+--------+--------+--------+-----+--------+
         Total |  17443 |  17198 |    245 |   5917 |   6201 |  14 | 1245.9 |
       Dungeon |  13504 |  13259 |    245 |   4079 |   5483 |  10 | 1350.4 |
        Temple |    227 |    227 |      0 |      0 |    221 |   1 |  227.0 |
  Orcish Mines |   2953 |   2953 |      0 |   1304 |    443 |   2 | 1476.5 |
         Sewer |    758 |    758 |      0 |    534 |     54 |   1 |  758.0 |
               +--------+--------+--------+--------+--------+-----+--------+

Top non-repeatable levels by time:
     D:5: 2450 daAuts
   Orc:1: 2382 daAuts
     D:6: 2101 daAuts
     D:9: 1770 daAuts
     D:1: 1643 daAuts
     D:3: 1318 daAuts
     D:7: 1186 daAuts
     D:4: 1140 daAuts
     D:2: 1062 daAuts
     D:8: 814 daAuts
   Sewer: 758 daAuts
   Orc:2: 570 daAuts
  Temple: 227 daAuts
    D:10: 16 daAuts
